 Dungeon Crawl Stone Soup version 0.31-a0-700-gf13585253f (webtiles) character file.

Game seed: 15913259122243927406

89 qw the Shooter (level 4, -2/28 HPs)
             Began as a Gargoyle Hunter on Sept 7, 2023.
             Killed from afar by an orc wizard (7 damage)
             ... with a magic dart
             ... on level 4 of the Dungeon.
             The game lasted 00:00:39 (2026 turns).

qw the Shooter (Gargoyle Hunter)                    Turns: 2026, Time: 00:00:40

Health: -2/28      AC:  6    Str: 14    XL:     4   Next: 55%
Magic:  4/4        EV: 11    Int: 10    God:
Gold:   129        SH:  5    Dex: 15    Spells: 3/3 levels left

rFire   . . .        Y - +0 shortbow (flame)
rCold   . . .        (shield currently unavailable)
rNeg    + . .        c - +0 leather armour
rPois   inf          (no helmet)
rElec   +            (no cloak)
rCorr   .            (no gloves)
SInv    .            (no boots)
Will    .....        a - amulet of reflection
Stlth   ++           (no ring)
HPRegen 0.24/turn    (no ring)
MPRegen 0.09/turn

%: reflection
@: no status effects
A: sickness immunity, AC +3, negative energy resistance 1, electricity
resistance, torment resistance 1, petrification resistance
a: no special abilities


You were on level 4 of the Dungeon.
You visited 1 branch of the dungeon, and saw 4 of its levels.

You collected 129 gold pieces.


Innate Abilities, Weirdness & Mutations

You are immune to sickness and miasma.
Your stone body is resilient. (AC +3)
You are immune to poison.
You resist negative energy. (rN+)
You are resistant to electric shocks. (rElec)
You are resistant to unholy torment.
You are immune to petrification.


   Skills:
 - Level 3.0 Fighting
 + Level 5.5 Ranged Weapons
 - Level 1.5 Dodging
 - Level 1.1 Stealth


You had 3 spell levels left.
You didn't know any spells.
Your spell library was empty.

Inventory:

Hand Weapons
 Y - a +0 shortbow of flaming (weapon)
Armour
 c - a +0 leather armour (worn)
Jewellery
 a - an amulet of reflection (around neck)
Scrolls
 g - 2 scrolls of identify {unknown}
Potions
 b - a potion of brilliance {unknown}
 d - a potion of mutation {unknown}
 e - a potion of lignification {unknown}
 f - a potion of heal wounds {unknown}

Dungeon Overview and Level Annotations

Branches:
Dungeon (4/15)
 Temple: D:4-7

Altars:


Message History

The orc wizard burns you.
The orc wizard gestures at you while chanting.
You resist with some effort.
You shoot an arrow.
The arrow closely misses the orc wizard.
The arrow hits the orc but does no damage.
The orc wizard gestures at you while chanting.
The puff of flame misses you. You block the orc wizard's attack.
The orc wizard points at you and mumbles some strange words.
You resist with some effort.
The orc wizard gestures at you while chanting.
You are confused.
The orc wizard closely misses you. The orc wizard misses you.
The orc wizard closely misses you.
The orc wizard hits you but does no damage.
The orc wizard gestures at you while chanting.
The magic dart hits you.
The orc wizard gestures at you while chanting.
The magic dart hits you!
The orc wizard points at you and mumbles some strange words.
You resist with some effort.
The orc wizard hits you with a +0 dagger.
The orc wizard gestures at you while chanting.
You resist with some effort.
The orc wizard casts a spell.
The orc wizard flickers and vanishes!
Deactivating autopickup; reactivate with Ctrl-A.
The orc wizard hits you with a +0 dagger of flaming.
The orc wizard burns you. Something hits you.
You feel less confused. You block the orc wizard's attack. Something hits you.
You shoot an arrow.
The arrow closely misses the orc wizard.
The arrow hits the orc!
The arrow burns the orc.
You kill the orc!
You block the orc wizard's attack.
You hear some strange, mumbled words.
A magic dart appears from out of thin air!
The magic dart hits you!
You die...

#########
##....#..#..##
#..<...#.....#
#......#.....#
#..<...#.....#
#......#.....#
#......#.....#
#......#{o...#
#......@o)...#
##...####+####
##+##


You could see an orc wizard and an orc.

Vanquished Creatures
  3 adders
  2 dart slugs (D:1)
  2 orcs (D:4)
  4 ball pythons
  10 endoplasms
  A giant cockroach (D:3)
  6 hobgoblins
  3 quokkas
  7 bats
  A frilled lizard (D:3)
  7 goblins
  5 kobolds
  A rat (D:1)
52 creatures vanquished.

Notes
Turn   | Place    | Note
-------+----------+-------------------------------------------
     0 | D:1      | qw the Gargoyle Hunter began the quest for the Orb.
     0 | D:1      | Reached XP level 1. HP: 12/12 MP: 1/1
     0 | D:1      | 0 ||| qw: Version: 0.3-a-76-g4403597
     0 | D:1      | 0 ||| qw: Game counter: 550
     0 | D:1      | 0 ||| qw: Melee chars always use a shield: true
     0 | D:1      | 0 ||| qw: God list: Okawaru
     0 | D:1      | 0 ||| qw: Allow faded altars: false
     0 | D:1      | 0 ||| qw: Do Orc after clearing Dungeon:15 true
     0 | D:1      | 0 ||| qw: Do second Lair branch before Depths: true
     0 | D:1      | 0 ||| qw: Lair rune preference: random
     0 | D:1      | 0 ||| qw: Goals: Normal
     0 | D:1      | 0 ||| PLANNING D:1-11
    95 | D:1      | Reached XP level 2. HP: 17/17 MP: 2/2
   368 | D:1      | Reached XP level 3. HP: 21/21 MP: 3/3
   660 | D:1      | 660 ||| READING scroll labelled SEPNYGASOO.
   661 | D:1      | 661 ||| DROPPING scroll of butterflies.
   689 | D:2      | Reached skill level 5 in Ranged Weapons
   912 | D:2      | Reached skill level 3 in Fighting
  1078 | D:2      | Reached XP level 4. HP: 28/28 MP: 4/4
  1197 | D:2      | 1197 ||| UPGRADING to amulet of reflection.
  1980 | D:3      | Found a faded altar of an unknown god.
  1984 | D:3      | 1984 ||| READING scroll labelled FYTOURCHIVEI.
  1985 | D:3      | 1985 ||| READING scroll labelled FUUT TAROPLY.
  2009 | D:4      | 2009 ||| Stepping ~*~*~tactically~*~*~ (outnumbered).
  2011 | D:4      | 2011 ||| Stepping ~*~*~tactically~*~*~ (outnumbered).
  2025 | D:4      | HP: 5/28 [something (4)]
  2026 | D:4      | Killed from afar by an orc wizard

Levels and vault maps discovered:
D:1:      dpeg_arrival_radiant, layout_loops_ring
D:2:      layout_basic
D:3:      layout_basic, chequers_ecumenical_altar_lobes, grunt_decor_fettered,
          minivault_23
D:4:      layout_gridville, serial_shops, shop, ebering_ghost_inner_flame,
          minmay_manual_mail

Skill      XL: |  1  2  3 |
---------------+----------+-----
Ranged Weapons | 5 |  5.5
Fighting       | 3 |  3.0
Dodging        | |  1.5
Stealth        | |  1.1

Action                     |  1- 3 |  4- 6 || total
---------------------------+-------+-------++-------
   Fire: Shortbow          |    96 |    44 ||   140
    Use: Scroll            |     1 |     2 ||     3
 Armour: Leather armour    |    16 |    13 ||    29
  Dodge: Dodged            |    18 |    14 ||    32
  Block: Other             |       |     8 ||     8

Table legend:
 A = Non-vault XP
 B = Vault XP
 C = Vault XP percentage of total XP
 D = Non-vault monster count
 E = Vault monster count
 F = Vault count percentage of total count
                 A         B        C        D         E       F
            +---------+---------+-------+---------+---------+-------
      Total |     131 |       0 |   0.0 |      52 |       0 |   0.0
            +---------+---------+-------+---------+---------+-------
        D:1 |      38 |       0 |   0.0 |      20 |       0 |   0.0
        D:2 |      50 |       0 |   0.0 |      16 |       0 |   0.0
        D:3 |      37 |       0 |   0.0 |      14 |       0 |   0.0
        D:4 |       6 |       0 |   0.0 |       2 |       0 |   0.0
            +---------+---------+-------+---------+---------+-------
